 Dungeon Crawl Stone Soup version 0.28-b1-25-g9875b3fc8c (webtiles) character file.

Game seed: 1803415182380716143

174824 GordonOverkill the Severer (level 17, -1/168 HPs)
             Began as a Deep Dwarf Cinder Acolyte on Jan 31, 2022.
             Was the Champion of Makhleb.
             Hit by a javelin thrown by a minotaur (16 damage)
             ... on level 4 of the Shoals.
             The game lasted 01:57:52 (31195 turns).

GordonOverkill the Severer (DDCA)                  Turns: 31195, Time: 01:57:53

Health: -1/168     AC: 29    Str: 32    XL:     17   Next: 45%
Magic:  0/0        EV:  9    Int: 15    God:    Makhleb [******]
Gold:   1878       SH: 12    Dex:  8    Spells: 51/51 levels left

rFire   . . .      SeeInvis .   a - +6 broad axe (drain)
rCold   + + +      Faith    .   V - +0 buckler
rNeg    + . .      Spirit   +   o - +4 plate armour {rPois}
rPois   +          Reflect  .   m - +2 helmet
rElec   +          Harm     .   I - +2 cloak {rC+}
rCorr   .          Rampage  .   C - +2 pair of gloves
Will    ++...                   q - +0 pair of boots
Stlth   ..........              A - brooch of Shielding {Spirit SH+8}
HPRegen 0.00/turn               F - +4 ring of slaying
MPRegen 0.07/turn               v - ring of Xoeler {*Corrode rElec rPois rC+++ Str+6}

@: afraid, studying 3 skills, very slow
A: damage resistance, heal wounds, negative energy resistance 1, sense
surroundings 2, no regeneration
a: Heal Wounds, Renounce Religion, Minor Destruction, Lesser Servant of Makhleb,
Major Destruction, Greater Servant of Makhleb


You were on level 4 of the Shoals.
You worshipped Makhleb.
Makhleb was exalted by your worship.
You visited 6 branches of the dungeon, and saw 30 of its levels.
You also visited: Gauntlet.

You collected 3430 gold pieces.
You spent 1552 gold pieces at shops.

Inventory:

Hand Weapons
 a - a +6 broad axe of draining (weapon)
 b - a +2 war axe of flaming
Missiles
 h - 10 throwing nets
 t - 62 poisoned darts (quivered)
 u - 10 atropa-tipped darts
Armour
 l - a +0 ring mail of fire resistance
 m - a +2 helmet (worn)
 o - a +4 plate armour of poison resistance (worn)
 q - a +0 pair of boots (worn)
 C - a +2 pair of gloves (worn)
 I - a +2 cloak of cold resistance (worn)
 R - a scarf of invisibility
 V - a +0 buckler (worn)
Jewellery
 v - the ring of Xoeler (right hand) {*Corrode rElec rPois rC+++ Str+6}
   (You found it in a Gauntlet)

   [ring of strength]

   Str:       It affects your strength (+6).
   rC:        It renders you almost immune to cold.
   rElec:     It insulates you from electricity.
   rPois:     It protects you from poison.
   *Corrode:  It may corrode you when you take damage.
 x - a ring of protection from cold
 A - the brooch of Shielding (around neck) {Spirit SH+8}
   (You found it in a Gauntlet)

   [amulet of guardian spirit]

   It causes incoming damage to be divided between your reserves of health and
   magic.
   SH:        It affects your SH (+8).
 B - an amulet of faith
 F - a +4 ring of slaying (left hand)
 M - a ring of willpower
Wands
 j - a wand of acid (3)
 z - a wand of digging (34)
 O - a wand of iceblast (9)
 W - a wand of mindburst (12)
Scrolls
 c - 4 scrolls of magic mapping
 e - a scroll of fog
 f - 9 scrolls of identify
 i - 4 scrolls of teleportation
 k - 3 scrolls of immolation
 r - 3 scrolls of blinking
 s - 4 scrolls of vulnerability
 D - 3 scrolls of silence
 J - 2 scrolls of summoning
 N - a scroll of fear
 P - 2 scrolls of amnesia
 S - a scroll of holy word
Potions
 d - a potion of haste
 g - 5 potions of mutation
 n - 2 potions of might
 p - 4 potions of lignification
 E - 2 potions of curing
 H - 2 potions of flight
 L - 2 potions of brilliance
 Q - a potion of resistance
 T - a potion of magic
Miscellaneous
 w - a lightning rod (4/4)
 y - a phantom mirror
 U - a phial of floods


   Skills:
 - Level 14.3 Fighting
 - Level 18.0 Axes
 - Level 2.0 Throwing
 - Level 8.4 Armour
 - Level 5.0 Dodging
 - Level 4.0 Shields
 + Level 17.8 Spellcasting
 - Level 2.6 Fire Magic
 - Level 6.8 Invocations
 - Level 7.6 Evocations


You had 51 spell levels left.
You didn't know any spells.
Your spell library contained the following spells:

 Spells                   Type           Power      Damage    Failure   Level
 Scorch                   Fire           42%        2d7       21%         2
 Animate Skeleton         Necr           26%        N/A       38%         1
 Beastly Appendage        Tmut           26%        N/A       38%         1
 Pain                     Necr           52%        1d6       38%         1
 Summon Small Mammal      Summ           52%        N/A       38%         1
 Ensorcelled Hibernation  Hex/Ice        26%        N/A       52%         2
 Passwall                 Tmut/Erth      10%        N/A       52%         2
 Wereblood                Tmut           13%        N/A       52%         2
 Conjure Flame            Conj/Fire      17%        6-21      56%         3
 Inner Flame              Hex/Fire       17%        N/A       56%         3
 Ignite Poison            Fire/Tmut/Pois 16%        N/A       63%         3
 Call Canine Familiar     Summ           13%        N/A       77%         3
 Gell's Gravitas          Tloc           13%        N/A       77%         3
 Lesser Beckoning         Tloc           13%        N/A       77%         3
 Spider Form              Tmut/Pois      13%        N/A       77%         3
 Stone Arrow              Conj/Erth      26%        3d8       77%         3
 Summon Guardian Golem    Hex/Summ       13%        N/A       77%         3
 Swiftness                Air            13%        N/A       77%         3
 Teleport Other           Tloc           13%        N/A       77%         3
 Vampiric Draining        Necr           13%        2d6       77%         3
 Sticky Flame             Conj/Fire      17%        2d4       93%         4
 Animate Armour           Summ/Erth      26%        N/A       99%         4
 Animate Dead             Necr           6%         N/A       99%         4
 Cause Fear               Hex            6%         N/A       99%         4
 Olgreb's Toxic Radiance  Pois           13%        N/A       99%         4
 Death Channel            Necr           6%         N/A       100%        6
 Orb of Destruction       Conj           6%         9d6       100%        7
 Spellforged Servitor     Conj/Summ      6%         N/A       100%        7
 Borgnjor's Revivificati  Necr           6%         N/A       100%        8
 Discord                  Hex            6%         N/A       100%        8
 Lehudib's Crystal Spear  Conj/Erth      6%         10d3      100%        8
 Necromutation            Tmut/Necr      6%         N/A       100%        8
 Death's Door             Necr           6%         N/A       100%        9


Dungeon Overview and Level Annotations

Branches:
Dungeon (15/15)            Temple (1/1) D:4            Lair (6/6) D:9
 Shoals (4/4) Lair:3       Spider (2/4) Lair:3        Slime (0/5) Lair:6
    Orc (2/2) D:12            Elf (0/3) Orc:2        Vaults (0/5) D:14
 Depths (0/4) D:15        Gauntlet (visited)

Altars:
Cheibriados
Fedhas
Hepliaklqana
Makhleb
Okawaru
Qazlal
Ru
Trog
Uskayaw
Vehumet
Wu Jian
Yredelemnul
The Shining One
Beogh
Jiyva

Shops:
D:15 *   Orc:2 [=:(   Shoals:3 !*

Annotations:
D:11 2 transporters, Zzerr's ghost, journeyman MiBe
D:14 Roxanne
Lair:1 exclusion: oklob plant
Lair:5 exclusion: ice statue


Innate Abilities, Weirdness & Mutations

You are resistant to damage.
You can heal yourself by infusing magical energy.
You resist negative energy. (rN+)
You passively map the area around you.
You do not regenerate.


Message History

You kill the sea snake!
Makhleb accepts your kill.
You feel better.
The satyr shoots an arrow.
The arrow hits you!
* * * LOW HITPOINT WARNING * * *
The satyr shoots an arrow.
The arrow hits you but does no damage.
You slice the satyr!!
You kill the satyr!
Makhleb accepts your kill.
You feel better.
The satyr shoots an arrow.
The arrow hits you but does no damage.
The satyr shoots an arrow.
You block the arrow.
A manticore comes into view.
Items here: ( )))).
You enter the shallow water.
Moving in this stuff is going to be slow.
A satyr comes into view. It is wielding a +0 spear.
A satyr is nearby!
There is a stone staircase leading up, spattered with blood here.
You start waiting.
A satyr is nearby!
The satyr shoots an arrow.
You block the arrow.
You enter the shallow water.
Moving in this stuff is going to be slow.
The satyr shoots an arrow.
The arrow hits you.
* * * LOW HITPOINT WARNING * * *
The satyr shoots an arrow.
The arrow hits you!!
* * * LOW HITPOINT WARNING * * *
Your unstable footing causes you to fumble your attack.
The satyr shoots an arrow.
The arrow hits you.
* * * LOW HITPOINT WARNING * * *
The minotaur bellows!
You slice the satyr!!
The satyr is moderately wounded.
You slash the satyr!
The satyr is heavily wounded.
The satyr plays a frightful melody on his pipes!
The satyr radiates an aura of fear!
You are terrified of the satyr!
The minotaur throws a javelin.
The javelin pierces through you!
You die...

#≈≈≈≈≈≈≈P...)##≈.≈##..8..
#≈≈≈≈≈≈≈.....+≈.≈.H'....,
, ,,
#≈≈≈≈≈≈≈....(##.≈.##≈≈H ,
, #≈≈≈≈≈≈≈......##(.#$.≈#
, *
#≈≈≈≈≈≈≈.......≈..(.≈≈#,
, *≈ ≈
≈≈≈≈≈≈≈.÷.....≈....≈.#
≈≈≈≈≈≈≈≈..##...≈##..≈.#
≈≈≈≈≈≈≈≈.<##)..≈##†.≈##
,*≈
≈≈≈≈≈≈≈)....<.@#.).≈.# ,
,,, ≈ ≈
≈≈≈≈≈≈≈≈......≈c#≈≈≈.# **
* ≈
≈≈≈≈≈≈≈≈≈...≈≈≈.#≈≈≈##, ,
≈≈≈≈≈≈≈≈≈≈≈≈≈≈≈≈≈≈.#≈≈≈#
* ≈
≈≈≈≈≈≈≈≈≈≈≈≈≈≈≈≈≈##≈≈≈# ,
#
≈≈≈≈≈≈≈≈≈≈≈≈≈≈≈≈≈≈##≈≈≈#*
,, #
≈≈≈≈≈≈≈≈≈≈≈≈≈≈≈≈≈≈≈##≈≈≈#
* # ≈
≈≈≈≈≈≈≈≈≈≈≈≈≈≈≈≈≈≈≈≈#..≈≈
*,* . ≈
≈≈≈≈≈≈≈≈≈≈≈≈≈≈≈≈≈≈≈≈ **


You could see a minotaur and a satyr (scary).

Vanquished Creatures
  Arachne (Spider:2)
  Jorgrun (D:13)
  Mlioglotl (Spider:2)
  Aizul (Lair:3)
  An emperor scorpion (Spider:1)
  A ghost moth (Spider:1)
  A broodmother (Lair:3)
  2 entropy weavers (Spider:1)
  The ghost of reativica the Archer, a journeyman CeHu of Fedhas (Spider:1)
  A spark wasp (Spider:1)
  An ettin (D:14)
  5 merfolk impalers
  3 merfolk javelineers (Shoals:3)
  4 vault guards
  10 hydras
  7 boulder beetles
  A merfolk aquamancer (Shoals:1)
  7 satyrs
  4 catoblepae
  4 centaur warriors
  An alligator snapping turtle (Shoals:4)
  3 merfolk avatars (Shoals:3)
  A jorogumo (Spider:1)
  4 two-headed ogres
  10 death yaks
  3 tengu warriors (D:14)
  5 orc high priests (Orc:2)
  2 pharaoh ants (Spider:1)
  9 sea snakes
  A goliath frog (Spider:2)
  2 steelbarb worms
  An orb spider (Spider:1)
  A deep troll (D:14)
  A bog body (Lair:5)
  2 wizards
  2 lindwurms (Lair:6)
  A phantasmal warrior (D:14)
  8 harpies
  14 orc knights
  3 ugly things
  3 orc sorcerers
  22 fauns
  16 manticores
  8 cyclopes
  5 wolf spiders
  9 merfolk sirens
  7 water nymphs
  6 elephants
  5 black mambas
  A gargoyle (Gauntlet)
  11 cane toads
  2 torpor snails (Lair:5)
  A molten gargoyle (Gauntlet)
  An efreet (D:15)
  3 unseen horrors
  Psyche (D:10)
  3 ice devils
  An anaconda simulacrum (Lair:5)
  3 demonic crawlers
  A komodo dragon (shapeshifter) (D:14)
  4 rime drakes
  A freezing wraith (D:14)
  11 komodo dragons
  35 merfolk
  2 wind drakes
  6 trolls
  8 tarantellas
  2 meliai (Spider:1)
  4 polar bears
  A raiju (shapeshifter) (D:14)
  22 blink frogs
  12 slime creatures
  7 dream sheep
  3 culicivoras
  5 snapping turtles
  5 jumping spiders
  A centaur simulacrum (D:15)
  4 shadows
  4 wyverns
  7 water elementals
  59 yaks
  4 vampires
  A wraith (D:14)
  5 humans (D:14)
  4 basilisks
  15 fire elementals
  22 redbacks
  6 vampire mosquitoes
  A death yak simulacrum (Lair:5)
  5 swamp worms
  11 wargs
  2 acid dragons
  7 water moccasins
  2 sky beasts (D:5)
  A necrophage (D:4)
  9 ogres
  33 orc warriors
  2 black bears
  16 centaurs
  20 wolves
  3 kobold brigands
  7 bullfrogs
  A wyvern zombie (D:7)
  2 gnoll sergeants
  A scorpion (D:6)
  An elephant simulacrum (Lair:5)
  9 wights
  5 electric eels
  4 howler monkeys
  3 centaur zombies
  3 hounds
  A jelly (D:5)
  22 orc priests
  4 iguanas
  20 orc wizards
  A troll simulacrum (Lair:5)
  3 spriggan simulacra (Lair:5)
  A hound skeleton (D:2)
  A howler monkey zombie (D:9)
  Robin (D:3)
  4 gnolls (D:8)
  4 adders
  A naga simulacrum (Lair:5)
  A dart slug (D:4)
  65 orcs
  8 ball pythons
  3 bats
  9 endoplasms
  6 giant cockroaches
  10 goblins
  10 hobgoblins
  7 jackals (D:2)
  10 quokkas
  A frilled lizard (D:1)
  21 kobolds
  6 rats
868 creatures vanquished.

Vanquished Creatures (collateral kills)
  A minotaur (Gauntlet)
  Snorg (D:14)
  2 vault guards (D:13)
  A boulder beetle (Spider:2)
  2 catoblepae (Lair:6)
  A death knight (D:14)
  A tengu warrior (D:14)
  A skeletal warrior (D:12)
  An orb spider (Spider:1)
  A merfolk (Lair:3)
  A blink frog (Lair:6)
  2 dream sheep (Lair:5)
  A wraith (D:14)
  A redback (Spider:2)
17 creatures vanquished.

Vanquished Creatures (others)
  A vault guard (D:14)
  A two-headed ogre (D:12)
  A wolf spider (Spider:2)
  A tengu conjurer (D:13)
  A troll (D:12)
  A meliai (Spider:1)
  A yak (Lair:6)
  A water moccasin (Lair:2)
  A bush (Lair:5)
  145 foxfires
  48 fungi
  157 plants
  19 withered plants (Gauntlet)
378 creatures vanquished.

Grand Total: 1263 creatures vanquished

Notes
Turn   | Place    | Note
-------+----------+-------------------------------------------
     0 | D:1      | GordonOverkill the Deep Dwarf Cinder Acolyte began the
                  | quest for the Orb.
     0 | D:1      | Reached XP level 1. HP: 20/20 MP: 2/2
   233 | D:1      | Reached XP level 2. HP: 22/27 MP: 3/3
   255 | D:1      | Reached skill level 4 in Axes
   662 | D:1      | Found a faded altar of an unknown god.
   846 | D:2      | Reached XP level 3. HP: 23/33 MP: 3/5
  1335 | D:2      | Reached XP level 4. HP: 24/40 MP: 5/7
  1550 | D:2      | Reached skill level 5 in Axes
  1622 | D:3      | Noticed Robin
  1689 | D:3      | Killed Robin
  1756 | D:3      | Identified the +2 leather armour "Kuliax Itrui" {rPois
                  | Str+5}
  1931 | D:3      | Reached XP level 5. HP: 24/46 MP: 6/8
  2537 | D:4      | Noticed a necrophage
  2547 | D:4      | Killed a necrophage
  2548 | D:4      | Reached skill level 1 in Throwing
  2548 | D:4      | Reached XP level 6. HP: 29/55 MP: 9/9
  2732 | D:4      | Reached skill level 6 in Axes
  2767 | D:4      | Noticed an acid dragon
  2775 | D:4      | Killed an acid dragon
  2990 | D:4      | Found a staircase to the Ecumenical Temple.
  3231 | D:5      | Entered Level 5 of the Dungeon
  3447 | D:5      | Reached XP level 7. HP: 49/61 MP: 8/10
  3452 | D:5      | Reached skill level 7 in Axes
  3771 | D:5      | Reached skill level 8 in Axes
  3771 | D:5      | Reached skill level 5 in Spellcasting
  3771 | D:5      | Reached XP level 8. HP: 53/68 MP: 12/12
  5164 | D:7      | Reached skill level 9 in Axes
  5164 | D:7      | Reached skill level 1 in Evocations
  5498 | D:7      | Reached skill level 5 in Fighting
  5706 | D:7      | Gained mutation: You passively map the area around you.
                  | [Deep Dwarf growth]
  5706 | D:7      | Reached XP level 9. HP: 51/76 MP: 10/10
  5837 | D:8      | Identified the +2 robe "Futhros" {Will+ Regen+ Slay+2
                  | Archmagi}
  5924 | D:8      | Reached skill level 5 in Evocations
  5933 | D:8      | Reached skill level 10 in Axes
  6114 | D:8      | Noticed a centaur warrior
  6134 | D:8      | Killed a centaur warrior
  6135 | D:8      | Reached skill level 11 in Axes
  6494 | D:9      | Reached skill level 12 in Axes
  6551 | D:9      | Noticed a two-headed ogre
  6555 | D:9      | Killed a two-headed ogre
  6556 | D:9      | Reached XP level 10. HP: 78/88 MP: 10/10
  6687 | D:9      | Reached skill level 13 in Axes
  6841 | D:9      | Found a staircase to the Lair.
  7225 | D:10     | Entered Level 10 of the Dungeon
  7292 | D:10     | Noticed Psyche
  7298 | D:10     | Paralysed by Psyche for 2 turns
  7320 | D:10     | Killed Psyche
  7321 | D:10     | Reached skill level 14 in Axes
  7409 | D:10     | Reached skill level 1 in Armour
  7409 | D:10     | Reached skill level 1 in Dodging
  8020 | D:10     | Found a snail-covered altar of Cheibriados.
  8306 | D:11     | Noticed a cyclops
  8314 | D:11     | Killed a cyclops
  8345 | D:11     | Noticed a tengu warrior
  8346 | D:11     | Found a transporter.
  8349 | D:11     | Noticed Zzerr's ghost (journeyman MiBe)
  8357 | D:11     | Noticed a moth of wrath
  8360 | D:11     | Noticed a two-headed ogre
  8364 | D:11     | Found a bloodstained altar of Trog.
  8364 | D:11     | Noticed a two-headed ogre
  8370 | D:11     | Found a transporter.
  8413 | D:11     | Reached XP level 11. HP: 90/97 MP: 10/10
  8651 | D:11     | Found a bloodstained altar of Trog.
  9084 | Temple   | Entered the Ecumenical Temple
  9096 | Temple   | Fell from the grace of Ignis
  9096 | Temple   | Became a worshipper of Makhleb the Destroyer
  9214 | Lair:1   | Entered Level 1 of the Lair of Beasts
  9248 | Lair:1   | Noticed a four-headed hydra
  9250 | Lair:1   | Reached skill level 5 in Armour
  9250 | Lair:1   | Reached skill level 5 in Dodging
  9250 | Lair:1   | Reached skill level 1 in Invocations
  9255 | Lair:1   | Noticed an eight-headed hydra
  9402 | D:9      | Killed a one-headed hydra
  9410 | D:9      | Killed a one-headed hydra
  9536 | Lair:1   | Noticed an oklob plant
  9536 | Lair:1   | Found the +1 robe of Vines {NoPotionHeal Regen++++}
  9565 | Lair:1   | Reached skill level 5 in Invocations
  9614 | Lair:1   | Found a stormy altar of Qazlal.
  9720 | Lair:1   | Got the Reference Book on Nocuous Necromancy
 10268 | Lair:2   | Noticed a six-headed hydra
 10284 | Lair:1   | Killed a one-headed hydra
 10481 | Lair:1   | Reached * piety under Makhleb
 10801 | Lair:1   | Reached XP level 12. HP: 60/116 MP: 5/5
 10804 | Lair:1   | Reached skill level 10 in Fighting
 11648 | Lair:3   | Found a radiant altar of Vehumet.
 11677 | Lair:3   | Noticed a catoblepas
 11687 | Lair:3   | Noticed a four-headed hydra
 11736 | Lair:2   | Killed a one-headed hydra
 11750 | Lair:2   | HP: 4/116 [cane toad (10)]
 11808 | Lair:3   | Killed a catoblepas
 11879 | Lair:3   | HP: 4/117 [fire elemental[the fiery vengeance of Ignis]
                  | (9)]
 12047 | Lair:3   | Found a hole to the Spider Nest.
 12213 | Lair:3   | Found a staircase to the Shoals.
 12916 | Lair:4   | Reached ** piety under Makhleb
 13151 | Lair:4   | Was forgiven by Ignis
 13215 | Lair:4   | Noticed a five-headed hydra
 13217 | Lair:4   | Noticed a five-headed hydra
 13220 | Lair:4   | Noticed a four-headed hydra
 13229 | Lair:4   | Killed a one-headed hydra
 13239 | Lair:4   | Killed a one-headed hydra
 13255 | Lair:4   | Noticed an eight-headed hydra
 13256 | Lair:4   | Reached XP level 13. HP: 68/124 MP: 3/5
 14389 | Lair:4   | Reached *** piety under Makhleb
 15092 | Lair:5   | Reached skill level 10 in Spellcasting
 16196 | Lair:5   | Reached **** piety under Makhleb
 16545 | Lair:6   | Entered Level 6 of the Lair of Beasts
 16664 | Lair:6   | Found a staircase to the Slime Pits.
 16664 | Lair:6   | Found a viscous altar of Jiyva.
 16923 | Lair:6   | Found a gate leading to a gauntlet.
 16928 | Gauntlet | Entered a Gauntlet
 16928 | Gauntlet | Found a transporter.
 16938 | Gauntlet | Found a transporter.
 16953 | Gauntlet | Found a transporter.
 16958 | Gauntlet | Found a transporter.
 16973 | Gauntlet | Found a transporter.
 16992 | Gauntlet | Found a transporter.
 17004 | Gauntlet | Found a transporter.
 17012 | Gauntlet | Found a large runed translucent door.
 17013 | Gauntlet | Found a large runed translucent door.
 17014 | Gauntlet | Found a large runed translucent door.
 17014 | Gauntlet | Found a large runed translucent door.
 17015 | Gauntlet | Found a runed translucent gate.
 17016 | Gauntlet | Found a transporter.
 17016 | Gauntlet | Found a runed translucent gate.
 17017 | Gauntlet | Found a runed translucent gate.
 17018 | Gauntlet | Found a large runed translucent door.
 17018 | Gauntlet | Found a large runed translucent door.
 17019 | Gauntlet | Found a large runed translucent door.
 17020 | Gauntlet | Found a large runed translucent door.
 17028 | Gauntlet | Found a transporter.
 17040 | Gauntlet | Found a transporter.
 17046 | Gauntlet | Found a transporter.
 17046 | Gauntlet | Found a transporter.
 17086 | Gauntlet | Found a transporter.
 17086 | Gauntlet | Found the brooch of Shielding {Spirit SH+8}
 17113 | Gauntlet | Found a transporter.
 17133 | Gauntlet | Found a transporter.
 17211 | Gauntlet | Found a transporter.
 17227 | Gauntlet | Found a large runed translucent door.
 17227 | Gauntlet | Found a large runed translucent door.
 17227 | Gauntlet | Found a runed translucent door.
 17227 | Gauntlet | Found a runed translucent door.
 17228 | Gauntlet | Found a large runed translucent door.
 17229 | Gauntlet | Found a large runed translucent door.
 17231 | Gauntlet | Found a transporter.
 17247 | Gauntlet | Found a large runed translucent door.
 17247 | Gauntlet | Found a large runed translucent door.
 17248 | Gauntlet | Found a large runed translucent door.
 17249 | Gauntlet | Found a large runed translucent door.
 17334 | Gauntlet | Found a transporter.
 17651 | Gauntlet | Identified the ring of Xoeler {*Corrode rElec rPois rC+++
                  | Str+6}
 17665 | Gauntlet | Noticed a minotaur
 17692 | Gauntlet | Killed a minotaur
 17761 | Lair:6   | Gained mutation: You resist negative energy. (rN+) [Deep
                  | Dwarf growth]
 17761 | Lair:6   | Reached XP level 14. HP: 81/135 MP: 0/3
 18455 | Lair:6   | Reached skill level 15 in Axes
 19255 | D:12     | Found a staircase to the Orcish Mines.
 19961 | D:12     | Reached skill level 16 in Axes
 20161 | D:13     | Noticed Jorgrun
 20178 | D:13     | Killed Jorgrun
 20182 | D:13     | Identified the +1 scale mail of Imohuet {rC+ Dex+2}
 20888 | D:14     | Reached XP level 15. HP: 83/142 MP: 0/4
 21098 | D:14     | Found a gate to the Vaults.
 21369 | D:14     | Reached skill level 17 in Axes
 21372 | D:14     | Noticed Roxanne
 21587 | D:14     | Reached skill level 1 in Shields
 21790 | D:14     | Noticed Snorg
 21800 | D:14     | Killed Snorg
 22049 | D:15     | Entered Level 15 of the Dungeon
 22454 | D:14     | Found a gate to the Vaults.
 22922 | D:15     | Found a staircase to the Depths.
 22927 | D:15     | Found Pisema's Mayhem Merchandise.
 22935 | D:15     | Bought a wand of iceblast (3) for 112 gold pieces
 22935 | D:15     | Bought a wand of iceblast (4) for 128 gold pieces
 22935 | D:15     | Bought a wand of iceblast (3) for 112 gold pieces
 22954 | D:15     | Found a radiant altar of Vehumet.
 23652 | Orc:1    | Entered Level 1 of the Orcish Mines
 23705 | Orc:1    | Reached skill level 18 in Axes
 23950 | Orc:1    | Reached ***** piety under Makhleb
 24133 | Orc:2    | Entered Level 2 of the Orcish Mines
 24577 | Orc:2    | Found a staircase to the Elven Halls.
 25076 | Orc:2    | Found Teptan's Jewellery Shop.
 25076 | Orc:2    | Found Asoqap's Antique Armour Shop.
 25077 | Orc:2    | Found Ovuol's Antique Weapon Shop.
 25077 | Orc:2    | Found Irphegg's Book Boutique.
 25088 | Orc:2    | Bought a shiny plate armour for 624 gold pieces
 25601 | Spider:1 | Entered Level 1 of the Spider Nest
 25818 | Spider:1 | Found a runed translucent door.
 25961 | Spider:1 | Reached XP level 16. HP: 105/157 MP: 0/2
 26433 | Spider:1 | Identified the +6 war axe "Golyllaf" {pain, Stlth+}
 26870 | Spider:1 | Noticed reativica's ghost (journeyman CeHu)
 27195 | Spider:1 | Killed reativica's ghost
 27203 | Spider:1 | Identified the +7 shortbow of Distraction {venom, rC+ MP+9
                  | Str-3 Dex+7}
 27260 | Spider:2 | Noticed Arachne
 27550 | Spider:2 | Noticed Mlioglotl
 27563 | Spider:2 | Killed Mlioglotl
 27625 | Spider:2 | Killed Arachne
 27626 | Spider:2 | Reached skill level 15 in Spellcasting
 27794 | Shoals:1 | Entered Level 1 of the Shoals
 27852 | Shoals:1 | Noticed Aizul
 27877 | Lair:3   | Killed Aizul
 29276 | Shoals:3 | Found Enlojud's Distillery.
 29671 | Shoals:3 | Bought a potion of curing for 42 gold pieces
 29671 | Shoals:3 | Bought a potion of ambrosia for 112 gold pieces
 29671 | Shoals:3 | Bought a potion of might for 56 gold pieces
 29671 | Shoals:3 | Bought a potion of curing for 42 gold pieces
 29671 | Shoals:3 | Bought a potion of mutation for 112 gold pieces
 29806 | Shoals:3 | Found Paki's Specific Store.
 29808 | Shoals:3 | Found Lumpif's General Store.
 29812 | Shoals:3 | Bought a wand of mindburst (5) for 153 gold pieces
 29816 | Shoals:3 | Bought a scroll of fear for 59 gold pieces
 29861 | Shoals:3 | Reached XP level 17. HP: 116/168 MP: 0/3
 30314 | Shoals:4 | Entered Level 4 of the Shoals
 30458 | Shoals:3 | Reached ****** piety under Makhleb
 31195 | Shoals:4 | Hit by a javelin thrown by a minotaur

Illustrated notes

Levels and vault maps discovered:
D:1:      saegor_arrival_simple_d, layout_loops_ring,
          hellmonk_ecumenical_altar_inner_sanctum, minivault_4
D:2:      layout_loops_ring, roderic_st_hans_cross
D:3:      layout_loops_ring, grunt_ministairs_14, minivault_4,
          minmay_fountain_box, minmay_randomly_rotated_circles, uniq_robin
D:4:      nicolae_cairo_tiling, layout_basic, temple_doors_ab,
          lemuel_flame_loot_1
D:5:      layout_gridville, water_maze_lemuel
D:6:      layout_basic
D:7:      layout_rooms, worms_lemuel
D:8:      layout_loops_cross
D:9:      layout_rooms, erik_lair_island
D:10:     layout_basic, kennysheep_mini_moat, serial_park_tiny_2, uniq_psyche
D:11:     layout_loops_ring, gammafunk_ghost_wrathful_warriors,
          hangedman_abyss_or_decor_passed, trog_ov_bears_minmay
D:12:     layout_basic, orc_0_dummy, kennysheep_kite_vault
D:13:     layout_roguey, st_stairs_12, uniq_jorgrun
D:14:     layout_roguey, ximxim_vaults_locker_room, minmay_misc_feat_cross,
          chequers_avenue, uniq_roxanne, uniq_snorg
D:15:     hangedman_depths_entry_civil_slaughter, layout_loops_cross,
          fiery_altar_vehumet, fountainhead, minmay_shop_mayhem
Temple:   nicolae_temple_the_god_donut
Lair:1:   layout_roguey, basic_altar, hellmonk_guarded_unrand_vines,
          infiniplex_staircase_pool_2, lemuel_fruit_fields
Lair:2:   layout_regular_city
Lair:3:   layout_cave_pods, minmay_shoals_entry_centaurs,
          spider_nest_entry_rubble, basic_altar, chequers_serial_rivers_small_3,
          serial_bayou_shore_b, lemuel_fruit_tree
Lair:4:   layout_loops_ring, grunt_megastairs_5, serial_bayou_shore_a
Lair:5:   dreamdust_isle_of_ice, layout_gridlike, minivault_26
Lair:6:   evilmike_catoblepas_cave, layout_cave_pods, slime_altar_1,
          gauntlet_entry_generic
Shoals:1: layout_shoals, uniq_aizul
Shoals:2: layout_shoals
Shoals:3: layout_shoals, serial_shops, shop, nicolae_specific_store
Shoals:4: shoals_end_hellmonk_lost_city
Spider:1: layout_cave_pods, ebering_ghost_reflecting_pool
Spider:2: layout_spider_delve, nicolae_spider_rock_and_or_roll, uniq_arachne,
          uniq_mlioglotl
Orc:1:    layout_diamond_mine, mines2_david
Orc:2:    st_orc_pillars, layout_caves, nooodl_orcs_dogs

Skill      XL: |  1  2  3  4  5  6  7  8  9 10 11 12 13 14 15 16 17 |
---------------+----------------------------------------------------+-----
Axes           | 4 5 6 8 9 12 14 16 18 | 18.0
Spellcasting   | 2 3 4 5 8 10 12 13 16 17 | 17.8
Throwing       | 1 2 |  2.0
Fighting       | 5 6 9 10 11 13 14 | 14.3
Evocations     | 4 6 7 |  7.6
Armour         | 4 5 6 8 |  8.4
Dodging        | 4 5 |  5.0
Invocations    | 5 6 |  6.8
Shields        | 4 |  4.0
Fire Magic     | |  2.6

Action                   |  1- 3 |  4- 6 |  7- 9 | 10-12 | 13-15 | 16-18 || total
-------------------------+-------+-------+-------+-------+-------+-------++-------
Melee: Hand axe          |   115 |   204 |   357 |  1139 |   562 |       ||  2377
       Punch             |     2 |     1 |     7 |    14 |    24 |       ||    48
       Broad axe         |       |       |       |       |   974 |   782 ||  1756
       War axe           |       |       |       |       |     7 |       ||     7
Throw: Dart              |       |     6 |    21 |    12 |       |    15 ||    54
       Javelin           |       |       |       |       |    76 |     7 ||    83
Invok: Foxfire Swarm     |       |     3 |     4 |     1 |       |       ||     8
       Rising Flame      |       |       |     1 |       |       |       ||     1
       Fiery Armour      |       |       |     1 |       |       |       ||     1
       Lesser Servant of |       |       |       |       |    27 |    14 ||    41
 Abil: Heal Wounds       |       |     4 |    19 |    52 |    53 |    29 ||   157
Evoke: Wand              |       |       |     3 |    50 |    30 |    10 ||    93
       Phantom mirror    |       |       |       |       |     1 |     1 ||     2
  Use: Scroll            |     4 |       |    13 |     7 |    12 |    10 ||    46
       Potion            |     1 |     1 |     4 |    15 |     9 |    13 ||    43
 Stab: Paralysed         |       |       |       |    60 |    12 |       ||    72
       Petrified         |       |       |       |     8 |       |       ||     8
       Invisible         |       |       |       |     7 |    11 |       ||    18
       Distracted        |       |       |       |       |     2 |     2 ||     4
Armor: Robe              |    34 |     1 |       |       |       |       ||    35
       Ring mail         |       |    38 |       |       |       |       ||    38
       Leather armour    |       |    26 |       |       |       |       ||    26
       Acid dragon scale |       |    41 |    35 |       |       |       ||    76
       Plate armour      |       |       |    56 |       |    94 |   419 ||   569
       Chain mail        |       |       |   107 |   654 |   566 |       ||  1327
Dodge: Dodged            |    72 |    92 |   108 |   472 |   452 |   197 ||  1393
Block: Other             |       |       |       |       |   169 |       ||   169
       Buckler           |       |       |       |       |   179 |   411 ||   590
